 Dungeon Crawl Stone Soup version 0.28.0-45-g0d030f2227 (webtiles) character file.

Game seed: 17950517489391285630

124 Ablot the Cutter (level 5, -2/47 HPs)
             Began as a Gnoll Chaos Knight on Apr 14, 2022.
             Was a Plaything of Xom.
             Slain by Grinder the lemure (7 damage)
             ... on level 3 of the Dungeon.
             The game lasted 00:05:21 (2213 turns).

Ablot the Cutter (Gnoll Chaos Knight)               Turns: 2213, Time: 00:05:22

Health: -2/47      AC:  9    Str: 13    XL:     5   Next: 8%
Magic:  7/7        EV: 12    Int: 11    God:    Xom [......]
Gold:   53         SH:  0    Dex: 12    Spells: 6/6 levels left

rFire   + . .      SeeInvis .   a - +0 short sword (chaos)
rCold   . . .      Faith    +   (no shield)
rNeg    . . .      Spirit   .   b - +2 leather armour
rPois   .          Reflect  .   g - +0 helmet
rElec   .          Harm     .   (no cloak)
rCorr   .          Rampage  .   (no gloves)
Will    .....                   l - +1 pair of boots
Stlth   +.........              d - amulet of faith
HPRegen 0.15/turn               i - ring of protection from fire
MPRegen 0.10/turn               (no ring)

@: no status effects
A: fangs 1, strong nose, distributed training, talons 1, wild magic 1,
MP-powered wands
a: Renounce Religion


You were on level 3 of the Dungeon.
You worshipped Xom.
You were a very special plaything of Xom.
You visited 1 branch of the dungeon, and saw 3 of its levels.

You collected 67 gold pieces.
You spent 14 gold pieces at shops.

Inventory:

Hand Weapons
 a - a +0 short sword of chaos (weapon)
Missiles
 e - 39 stones
 j - 10 arrows
 o - 3 atropa-tipped darts (quivered)
Armour
 b - a +2 leather armour (worn)
 g - a +0 helmet (worn)
 l - a +1 pair of boots (worn)
Jewellery
 d - an amulet of faith (around neck)
 h - a ring of ice
 i - a ring of protection from fire (left hand)
Scrolls
 c - 2 scrolls of teleportation {unknown}
 f - 3 scrolls of immolation {unknown}
 k - a scroll of identify {unknown}
 m - a scroll of blinking {unknown}
 n - a scroll of fear {unknown}


   Skills:
 + Level 6.6 Fighting
 + Level 6.6 Short Blades
 + Level 1.3 Long Blades
 + Level 1.3 Axes
 + Level 1.3 Maces & Flails
 + Level 1.3 Polearms
 + Level 1.3 Staves
 + Level 1.3 Slings
 + Level 1.3 Bows
 + Level 1.3 Crossbows
 + Level 1.3 Throwing
 + Level 4.7 Armour
 + Level 2.9 Dodging
 + Level 1.3 Stealth
 + Level 1.3 Shields
 + Level 1.3 Unarmed Combat
 + Level 1.3 Spellcasting
 + Level 1.1 Conjurations
 + Level 1.1 Hexes
 + Level 1.1 Summonings
 + Level 1.1 Necromancy
 + Level 1.1 Translocations
 + Level 1.1 Transmutations
 + Level 1.1 Fire Magic
 + Level 1.1 Ice Magic
 + Level 1.1 Air Magic
 + Level 1.1 Earth Magic
 + Level 1.1 Poison Magic
 + Level 1.5 Invocations
 + Level 1.3 Evocations


You had 6 spell levels left.
You didn't know any spells.
Your spell library was empty.

Dungeon Overview and Level Annotations

Branches:
Dungeon (3/15)

Altars:
Zin

Shops:
D:1 ([=*

Annotations:
D:3 Grinder


Innate Abilities, Weirdness & Mutations

You have very sharp teeth.
Your uncanny sense of smell can sniff out nearby items.
Your experience applies equally to all skills.
You have sharp toenails.
Your spells are a little harder to cast, but a little more powerful.
You expend magic power (3 MP) to strengthen your wands.


Message History

You throw an atropa-tipped dart. The atropa-tipped dart hits Grinder.
Grinder appears confused.
Unknown command.
You hit Grinder but do no damage. You bite Grinder, but do no damage.
Grinder seems less confused.
You hit Grinder but do no damage. "Hum-dee-hum-dee-hum..."
Grinder evaporates and reforms as a lemure!
Unknown command.
You hit Grinder but do no damage.
Grinder is poisoned.
You bite Grinder, but do no damage. Grinder barely misses you.
You hit Grinder.
Grinder flickers and vanishes!
Deactivating autopickup; reactivate with Ctrl-A.
Xom thinks this is hilarious!
Something hits you.
Unknown command.
You hit something. You freeze something. Something hits you but does no damage.
You hit something. You burn something. You hit something but do no damage.
Nothing appears to happen.
You bite something.
Something hits you but does no damage. x2
You completely miss something. Something hits you!
You hit something but do no damage. You punch something.
Your bite misses something. Something hits you!
You barely miss something. Something hits you.
You miss something. Something hits you but does no damage.
You hit something. You burn something. Something hits you but does no damage.
You hit something but do no damage. Something hits you but does no damage.
You barely miss something. Something hits you.
Something hits you but does no damage.
You hit something but do no damage. Something hits you.
You barely miss something. Your bite misses something. Something hits you!
You hit something but do no damage.
Nothing appears to happen.
Something hits you but does no damage.
You hit something. Something hits you.
* * * LOW HITPOINT WARNING * * *
Something hits you.
* * * LOW HITPOINT WARNING * * *
Something hits you!
You die...
Xom yawns loudly!

......# . ....... #### ..
......#∆ (.# ###..#
.....#####(##.... #...(..#
#......# #......# #......#
#@####### ####.#.....###
#....#)._..#.# #....# ...
#.## #....# #.# #..#
#######....###.####)#
............)...###.#
.######.....)##.....######
#......#####.......##


There were no monsters in sight!

Vanquished Creatures
  Jessica (D:3)
  Robin (D:2)
  2 adders (D:2)
  A dart slug (D:1)
  4 orcs (D:3)
  4 giant cockroaches
  9 goblins
  12 hobgoblins
  5 kobolds
  3 quokkas (D:1)
  4 ball pythons
  5 bats (D:1)
  6 frilled lizards
  3 rats
60 creatures vanquished.

Notes
Turn   | Place    | Note
-------+----------+-------------------------------------------
     0 | D:1      | Ablot the Gnoll Chaos Knight began the quest for the Orb.
     0 | D:1      | Reached XP level 1. HP: 23/23 MP: 1/1
    40 | D:1      | Found Vatwe's General Store.
   189 | D:1      | Reached XP level 2. HP: 28/29 MP: 2/2
   327 | D:1      | XOM: 2-stop teleportation journey
   459 | D:1      | Found Etujue Muife's Antique Armour Boutique.
   461 | D:1      | XOM: 1-stop teleportation journey
   536 | D:1      | Found Serph's Jewellery Shop.
   570 | D:1      | Found a faded altar of an unknown god.
   664 | D:1      | Reached XP level 3. HP: 32/35 MP: 3/3
   842 | D:1      | Found Oruim's Weapon Boutique.
   952 | D:1      | XOM: god gift: robe {god gift}
  1000 | D:1      | Bought a scroll of noise for 14 gold pieces
  1034 | D:2      | Noticed Robin
  1040 | D:2      | Reached skill level 1 in Invocations
  1049 | D:2      | Killed Robin
  1050 | D:2      | Reached skill level 1 in Long Blades
  1050 | D:2      | Reached skill level 1 in Axes
  1050 | D:2      | Reached skill level 1 in Maces & Flails
  1050 | D:2      | Reached skill level 1 in Polearms
  1050 | D:2      | Reached skill level 1 in Staves
  1050 | D:2      | Reached skill level 1 in Slings
  1050 | D:2      | Reached skill level 1 in Bows
  1050 | D:2      | Reached skill level 1 in Crossbows
  1050 | D:2      | Reached skill level 1 in Throwing
  1050 | D:2      | Reached skill level 1 in Stealth
  1050 | D:2      | Reached skill level 1 in Shields
  1050 | D:2      | Reached skill level 1 in Unarmed Combat
  1050 | D:2      | Reached skill level 1 in Spellcasting
  1050 | D:2      | Reached skill level 1 in Evocations
  1061 | D:2      | Reached XP level 4. HP: 39/41 MP: 5/5
  1192 | D:2      | XOM: cloud trail
  1218 | D:2      | XOM: give mutations
  1218 | D:2      | Gained mutation: Your spells are a little harder to cast,
                  | but a little more powerful. [Xom's grace]
  1218 | D:2      | Gained mutation: You expend magic power (3 MP) to
                  | strengthen your wands. [Xom's grace]
  1218 | D:2      | Gained mutation: You have sharp toenails. [Xom's grace]
  1791 | D:3      | Noticed Grinder
  1845 | D:3      | Reached skill level 1 in Conjurations
  1845 | D:3      | Reached skill level 1 in Hexes
  1845 | D:3      | Reached skill level 1 in Summonings
  1845 | D:3      | Reached skill level 1 in Necromancy
  1845 | D:3      | Reached skill level 1 in Translocations
  1845 | D:3      | Reached skill level 1 in Transmutations
  1845 | D:3      | Reached skill level 1 in Fire Magic
  1845 | D:3      | Reached skill level 1 in Ice Magic
  1845 | D:3      | Reached skill level 1 in Air Magic
  1845 | D:3      | Reached skill level 1 in Earth Magic
  1845 | D:3      | Reached skill level 1 in Poison Magic
  1969 | D:3      | Noticed Jessica
  1982 | D:3      | Killed Jessica
  2066 | D:3      | Found a glowing silver altar of Zin.
  2073 | D:3      | Reached XP level 5. HP: 38/47 MP: 6/6
  2194 | D:3      | Noticed Grinder
  2194 | D:3      | Grinder changed into Grinder the lemure
  2194 | D:3      | XOM: polymorph Grinder -> Grinder the lemure
  2213 | D:3      | Slain by Grinder the lemure

Illustrated notes

Levels and vault maps discovered:
D:1:      lemuel_arrival_broad_hall, layout_basic, serial_shops,
          nicolae_shop_bloodbath_and_beyond, nicolae_shop_behind_doors,
          nicolae_shop_hallway_stairs, shop, chequers_ecumenical_altar_simple,
          st_stairs_13, corexii_leaking_fountain
D:2:      layout_basic, amcnicky_mini_rare_corridor_liquid, uniq_robin
D:3:      layout_rooms, mainiacjoe_overflow_alcove_2, uniq_grinder, uniq_jessica

Skill      XL: |  1  2  3  4 |
---------------+-------------+-----
Invocations    | 1 |  1.5
Long Blades    | 1 |  1.3
Axes           | 1 |  1.3
Maces & Flails | 1 |  1.3
Polearms       | 1 |  1.3
Staves         | 1 |  1.3
Slings         | 1 |  1.3
Bows           | 1 |  1.3
Crossbows      | 1 |  1.3
Throwing       | 1 |  1.3
Stealth        | 1 |  1.3
Shields        | 1 |  1.3
Unarmed Combat | 1 |  1.3
Spellcasting   | 1 |  1.3
Evocations     | 1 |  1.3
Conjurations   | 1 |  1.1
Hexes          | 1 |  1.1
Summonings     | 1 |  1.1
Necromancy     | 1 |  1.1
Translocations | 1 |  1.1
Transmutations | 1 |  1.1
Fire Magic     | 1 |  1.1
Ice Magic      | 1 |  1.1
Air Magic      | 1 |  1.1
Earth Magic    | 1 |  1.1
Poison Magic   | 1 |  1.1
Fighting       | |  6.6
Short Blades   | |  6.6
Armour         | |  4.7
Dodging        | |  2.9

Action                   |  1- 3 |  4- 6 || total
-------------------------+-------+-------++-------
Melee: Short sword       |    95 |    95 ||   190
       Bite              |     7 |    11 ||    18
       Kick              |       |     2 ||     2
       Punch             |       |     1 ||     1
Throw: Dart              |       |     3 ||     3
 Stab: Sleeping          |       |     3 ||     3
       Petrified         |       |     1 ||     1
Armor: Leather armour    |    33 |    24 ||    57
Dodge: Dodged            |    55 |    32 ||    87
